 Dungeon Crawl Stone Soup version 0.31-a0-859-g9dce7d3444 (webtiles) character file.

Game seed: 13808819623054886427

17630 TheGamechu the Nimble (level 12, -1/104 HPs)
             Began as a Green Draconian Fire Elementalist on Oct 9, 2023.
             Was a High Priest of Vehumet.
             Slain by a two-headed ogre
             ... wielding a +0 giant spiked club
              (4 damage)
             ... on level 11 of the Dungeon.
             The game lasted 01:13:52 (17848 turns).

TheGamechu the Nimble (DrFE)                       Turns: 17848, Time: 01:13:54

Health: -1/104     AC: 12    Str: 13    XL:     12   Next: 20%
Magic:  5/24       EV: 16    Int: 18    God:    Vehumet [*****.]
Gold:   584        SH:  0    Dex: 15    Spells: 11/28 levels left

rFire   + . .        s - staff of fire
rCold   . . .        (no shield)
rNeg    . . .        (body armour unavailable)
rPois   +            G - +1 hat
rElec   .            J - +0 cloak
rCorr   .            i - +1 pair of gloves
SInv    .            (no boots)
Will    +....        (no amulet)
Stlth   ++           a - ring of Taanogg {Fly Will+ Str+3}
HPRegen 0.37/turn    F - ring of wizardry
MPRegen 0.19/turn

%: wizardry (x1)
@: flying
A: breathe noxious fumes, AC +8, unfitting armour, poison resistance,
cold-blooded, inability to drink after injury 1
a: Breathe Noxious Fumes, Renounce Religion


You were on level 11 of the Dungeon.
You worshipped Vehumet.
Vehumet was extremely pleased with you.
You visited 2 branches of the dungeon, and saw 12 of its levels.
You visited the Abyss 1 time.
You also visited: Bailey.

You collected 696 gold pieces.
You spent 112 gold pieces at shops.

Inventory:

Hand Weapons
 l - a +1 short sword of flaming
Missiles
 c - 37 poisoned darts
 m - 5 throwing nets
 H - a curare-tipped dart
Armour
 i - a +1 pair of gloves (worn)
 G - a +1 hat (worn)
 J - a +0 cloak (worn)
Magical Staves
 s - a staff of fire (weapon)
Jewellery
 a - the ring of Taanogg (left hand) {Fly Will+ Str+3}
   (You acquired it in a bailey)

   [ring of willpower]

   Str+3:     It affects your strength (+3).
   Will+:     It increases your willpower.
   Fly:       It grants you flight.
 f - an amulet of guardian spirit
 u - a ring of fire
 v - a ring of ice
 A - a +6 ring of strength
 C - a +6 ring of dexterity
 F - a ring of wizardry (right hand)
Wands
 q - a wand of flame (14)
 y - a wand of digging (7)
 D - a wand of roots (10)
Scrolls
 g - 5 scrolls of enchant weapon
 j - a scroll of torment
 r - 6 scrolls of teleportation
 t - 4 scrolls of noise
 w - a scroll of revelation
 z - a scroll of enchant armour
 E - 3 scrolls of immolation
 I - 3 scrolls of fear
Potions
 b - 3 potions of berserk rage
 d - 3 potions of might
 e - 2 potions of degeneration
 k - a potion of curing
 n - 2 potions of enlightenment
 o - 2 potions of lignification
 x - a potion of brilliance
 B - a potion of cancellation
Miscellaneous
 L - a sack of spiders


   Skills:
 + Level 9.0 Fighting
 - Level 4.1 Staves
 + Level 9.3 Dodging
 - Level 1.8 Stealth
 + Level 8.7 Spellcasting
 + Level 7.3 Conjurations
 - Level 4.0 Transmutations
 - Level 9.2 Fire Magic


You had 11 spell levels left.
You knew the following spells:

 Your Spells              Type           Power      Damage    Failure   Level
a - Foxfire               Conj/Fire      100%       2x1d9     1%          1
b - Scorch                Fire           100%       2d9       1%          2
c - Momentum Strike       Conj/Tloc      42%        3d9       1%          2
d - Flame Wave            Conj/Fire      54%        2d13      1%          4
e - Volatile Blastmotes   Fire/Tloc      72%        2d16      1%          3
f - Irradiate             Conj/Tmut      14%        3d16      3%          5

Your spell library contained the following spells:

 Spells                   Type           Power      Damage    Failure   Level
 Conjure Ball Lightning   Conj/Air       10%        3x3d6     30%         6
 Dazzling Flash           Conj/Hex       42%        N/A       1%          3
 Ignite Poison            Fire/Tmut/Pois 35%        N/A       1%          3
 Inner Flame              Hex/Fire       36%        N/A       1%          3
 Apportation              Tloc           14%        N/A       3%          1
 Summon Small Mammal      Summ           28%        N/A       3%          1
 Blink                    Tloc           14%        N/A       6%          2
 Cigotuvi's Dreadful Rot  Necr/Pois/Air  14%        N/A       6%          2
 Jinxbite                 Hex            14%        N/A       6%          2
 Lesser Beckoning         Tloc           14%        N/A       6%          2
 Call Canine Familiar     Summ           7%         N/A       11%         3
 Summon Guardian Golem    Hex/Summ       7%         N/A       11%         3
 Freezing Cloud           Conj/Ice/Air   8%         6-21      11%         5
 Dispel Undead            Necr           7%         3d8       32%         4
 Alistair's Intoxication  Tmut/Pois      10%        N/A       38%         5
 Agony                    Necr           7%         N/A       65%         5
 Silence                  Hex/Air        3%         N/A       65%         5
 Death Channel            Necr           3%         N/A       99%         6
 Chain Lightning          Conj/Air       10%        3d14      100%        9
 Fire Storm               Conj/Fire      27%        8d7       100%        9
 Shatter                  Erth           3%         3d7*      100%        9


Dungeon Overview and Level Annotations

Branches:
Dungeon (11/15)            Temple (0/1) D:5            Lair (1/5) D:9
    Orc (0/2) D:10         Bailey (visited)

Altars:
Gozag
Hepliaklqana
Makhleb
Qazlal
Sif Muna
Trog
Uskayaw
Vehumet
Xom
Yredelemnul
Zin

Shops:
D:7 *

Portals:
Abyss: D:8

Annotations:
D:3 exclusion: door
D:8 2 transporters, perezv8180's ghost, novice TrSh
D:9 exclusion: orange crystal statue


Innate Abilities, Weirdness & Mutations

You can breathe blasts of noxious fumes.
Your lurid green scales are hard. (AC +8)
You cannot fit into any form of body armour.
Your system is resistant to poisons. (rPois)
You are cold-blooded and may be slowed by cold attacks.
You occasionally lose the ability to drink potions when taking damage.


Message History

Casting: Scorch (safe; 1% risk of failure)
Confirm with . or Enter, or press ? or * to list all spells.
Casting: Flame Wave (safe; 1% risk of failure)
Press: ? - help, Dir - look around, f - activate You feel a surge of power!
A wave of flame ripples out! (Press . to intensify the flame waves.)
The gnoll completely misses you.
Your magical contamination has completely faded away.
Unknown command.
A wave of flame ripples out!
The flame wave engulfs the two-headed ogre!!
The two-headed ogre is burned terribly!
The two-headed ogre is heavily wounded.
The flame wave engulfs the gnoll!!
The gnoll is burned terribly!
You kill the gnoll!
Vehumet accepts your kill.
The two-headed ogre is no longer more vulnerable to fire.
The two-headed ogre misses you. x2
A wave of flame ripples out!
The flame wave engulfs the two-headed ogre.
The two-headed ogre is heavily wounded.
The flame wave engulfs the gnoll!
You kill the gnoll!
Vehumet accepts your kill.
The two-headed ogre hits you with a +0 giant spiked club!!
* * * LOW HITPOINT WARNING * * *
The two-headed ogre hits you with a +0 dire flail!
* * * LOW HITPOINT WARNING * * *
Casting: Flame Wave (safe; 1% risk of failure)
Confirm with . or Enter, or press ? or * to list all spells.
You feel a surge of power!
Flames lash the two-headed ogre but do no damage.
A gnoll comes into view. It is wielding a +0 whip.
Casting: Scorch (safe; 1% risk of failure)
Confirm with . or Enter, or press ? or * to list all spells.
You feel a surge of power!
Flames lash the two-headed ogre.
The two-headed ogre is severely wounded.
The two-headed ogre's fire resistance burns away.
The two-headed ogre hits you with a +0 giant spiked club.
You die...

######..~~~)~~~~~♣
#.~.~†~~S~~♣~
#...~~~~~♣♣♣
###...~~P♣
###.~~♣♣ ##~P♣ ###
#.##
.....#######$##
#.......O@)).#
#.#........).#
##########g# .# .#
.# g.


You could see a two-headed ogre (combustible) and a gnoll.

Vanquished Creatures
  Fannar (D:10)
  Erolcha (D:11)
  A centaur warrior (D:9)
  3 two-headed ogres
  An orc high priest (Bailey)
  An orc knight (Bailey)
  A wizard (D:9)
  A manticore (D:11)
  Joseph (D:8)
  A kobold demonologist (Bailey)
  A komodo dragon (D:7)
  A troll (D:10)
  A hornet (D:9)
  2 wyverns (D:9)
  2 shadows (D:10)
  9 yaks
  A wraith (D:8)
  A basilisk (D:9)
  Eustachio (D:4)
  2 steam dragons
  2 vampire mosquitoes (D:9)
  3 water moccasins (D:9)
  14 orc warriors
  5 black bears
  2 sky beasts
  A wolf (D:9)
  9 ogres
  2 phantoms
  10 centaurs
  5 kobold brigands
  3 bullfrogs
  4 gnoll sergeants
  4 scorpions
  4 wights (D:8)
  A troll zombie (D:10)
  5 killer bees
  11 electric eels
  8 howler monkeys
  4 hounds
  7 gnoll boudas
  8 orc priests
  2 jellies (D:5)
  3 sleepcaps
  5 iguanas
  Natasha (thrice) (D:2)
  9 orc wizards
  7 ogre zombies (D:10)
  9 adders
  47 gnolls
  A white imp (D:8)
  An ufetubus (D:5)
  A worm (D:1)
  3 dart slugs (D:1)
  42 orcs
  2 endoplasms
  2 giant cockroaches
  15 goblins
  19 hobgoblins
  6 jackals
  6 quokkas
  6 ball pythons
  3 bats
  5 frilled lizards
  2 goblin skeletons (D:10)
  4 goblin zombies (D:10)
  A hobgoblin skeleton (D:10)
  A hobgoblin zombie (D:10)
  26 kobolds
  4 orc skeletons (D:10)
  13 orc zombies (D:10)
  5 rats
398 creatures vanquished.

Vanquished Creatures (collateral kills)
  A foxfire (D:8)
1 creature vanquished.

Vanquished Creatures (others)
  A sky beast (D:7)
  2 centaurs (D:11)
  An orc wizard (D:6)
  809 foxfires
813 creatures vanquished.

Grand Total: 1212 creatures vanquished

Notes
Turn   | Place    | Note
-------+----------+-------------------------------------------
     0 | D:1      | TheGamechu the Draconian Fire Elementalist began the quest
                  | for the Orb.
     0 | D:1      | Reached XP level 1. HP: 14/14 MP: 3/3
   128 | D:1      | Reached XP level 2. HP: 20/20 MP: 0/5
   507 | D:1      | Learned a level 2 spell: Scorch
   958 | D:1      | Reached XP level 3. HP: 26/26 MP: 1/6
  2055 | D:2      | Noticed Natasha
  2061 | D:2      | Killed Natasha
  2062 | D:2      | Reached XP level 4. HP: 33/33 MP: 0/7
  2182 | D:2      | Noticed Natasha
  2188 | D:2      | Killed Natasha
  2584 | D:2      | Reached skill level 1 in Fighting
  2829 | D:2      | Noticed Natasha
  2835 | D:2      | Killed Natasha
  2836 | D:2      | Reached XP level 5. HP: 40/40 MP: 1/9
  2989 | D:3      | Found a radiant altar of Vehumet.
  2989 | D:3      | Found a burning altar of Makhleb.
  3048 | D:3      | Became a worshipper of Vehumet
  3404 | D:3      | Learned a level 2 spell: Momentum Strike
  3547 | D:3      | Found a faded altar of an unknown god.
  4509 | D:4      | Noticed Eustachio
  4636 | D:4      | Killed Eustachio
  4637 | D:4      | Reached XP level 6. HP: 50/50 MP: 3/11
  4878 | D:4      | Reached * piety under Vehumet
  4878 | D:4      | Offered knowledge of Shock by Vehumet.
  5076 | D:4      | Found a stormy altar of Qazlal.
  5216 | D:4      | Found a glowing silver altar of Zin.
  5239 | D:4      | Your scales start taking on a lurid green colour.
  5239 | D:4      | Reached XP level 7. HP: 57/57 MP: 2/12
  5239 | D:4      | Gained mutation: Your system is resistant to poisons.
                  | (rPois) [Green Draconian growth]
  5334 | D:4      | Reached skill level 1 in Staves
  5596 | D:5      | Entered Level 5 of the Dungeon
  5700 | D:5      | Found a staircase to the Ecumenical Temple.
  5737 | D:5      | Reached skill level 5 in Fire Magic
  6412 | D:5      | Reached XP level 8. HP: 66/66 MP: 10/14
  6594 | D:5      | Reached ** piety under Vehumet
  6594 | D:5      | Offered knowledge of Searing Ray by Vehumet.
  7173 | D:5      | Reached skill level 5 in Spellcasting
  7297 | D:5      | Identified the +1 trident of Sulphur {antimagic, rPois}
  7373 | D:5      | Reached skill level 5 in Fighting
  7373 | D:5      | Reached skill level 5 in Dodging
  7457 | D:6      | Found a large runed translucent door.
  7458 | D:6      | Found a large runed translucent door.
  7460 | D:6      | Found a shimmering altar of Xom.
  7649 | D:6      | Reached XP level 9. HP: 62/74 MP: 11/17
  8052 | D:6      | Identified the +9 short sword of Death's Door {chaos,
                  | *Corrode rF+++ rC+ Dex-4}
  8109 | D:6      | Found a shimmering blue altar of Sif Muna.
  8275 | D:6      | Found an opulent altar of Gozag.
  8887 | D:6      | Offered knowledge of Mephitic Cloud by Vehumet.
  8898 | D:7      | Noticed a komodo dragon
  8898 | D:7      | Found Jajaerah's Assorted Antiques.
  8904 | D:7      | HP: 1/73 [kobold/+0 whip (4)]
  9450 | D:7      | Reached *** piety under Vehumet
  9552 | D:7      | Learned a level 4 spell: Flame Wave
  9563 | D:7      | Noticed a two-headed ogre
  9634 | D:7      | Killed a two-headed ogre
  9634 | D:7      | Killed a komodo dragon
 10019 | D:7      | Bought a scroll of teleportation for 84 gold pieces
 10019 | D:7      | Bought a scroll labelled OQUOS OCWENIHE for 28 gold pieces
 10701 | D:7      | Reached skill level 5 in Conjurations
 10701 | D:7      | Reached XP level 10. HP: 58/81 MP: 7/19
 10792 | D:7      | Found a basalt altar of Yredelemnul.
 11091 | D:8      | Found a transporter.
 11099 | D:8      | Found a transporter.
 11108 | D:8      | Found a one-way gate to the infinite horrors of the Abyss.
 11108 | D:8      | Noticed perezv8180's ghost (novice TrSh)
 11135 | D:8      | Noticed a two-headed ogre
 11146 | D:8      | Killed a two-headed ogre
 11282 | D:8      | Noticed Joseph
 11305 | D:8      | HP: 2/81 [+0 spectral quarterstaff[Joseph] (3)]
 11307 | D:8      | Killed Joseph
 11625 | D:8      | Learned a level 3 spell: Volatile Blastmotes
 11701 | D:8      | Found a hide-covered altar of Uskayaw.
 11993 | D:8      | Offered knowledge of Hailstorm by Vehumet.
 12681 | D:8      | Reached **** piety under Vehumet
 13817 | D:9      | Noticed an orange crystal statue
 13927 | D:9      | Offered knowledge of Irradiate by Vehumet.
 14062 | D:9      | Learned a level 5 spell: Irradiate
 14149 | D:9      | Reached XP level 11. HP: 62/92 MP: 3/21
 14682 | D:9      | Noticed a wizard
 14685 | D:9      | Killed a wizard
 14687 | D:9      | Noticed a centaur warrior
 14692 | D:9      | Killed a centaur warrior
 14897 | D:9      | Identified the +0 scale mail of Lunkipn {Drain Will+ Int+3}
 14898 | D:9      | Noticed a two-headed ogre
 14915 | D:9      | Killed a two-headed ogre
 15397 | D:9      | Found a staircase to the Lair.
 15590 | Lair:1   | Entered Level 1 of the Lair of Beasts
 15608 | D:9      | Reached ***** piety under Vehumet
 15614 | D:9      | Offered knowledge of Fulminant Prism by Vehumet.
 15842 | D:9      | Found a bloodstained altar of Trog.
 15947 | D:10     | Entered Level 10 of the Dungeon
 15953 | D:10     | Found a staircase to the Orcish Mines.
 15955 | D:10     | Noticed Fannar
 15969 | D:10     | Killed Fannar
 16095 | D:10     | Found a flagged portal.
 16105 | Bailey   | Entered a bailey
 16189 | Bailey   | Noticed an orc knight
 16204 | Bailey   | Killed an orc knight
 16214 | Bailey   | Noticed an orc high priest
 16223 | Bailey   | Noticed a sun demon
 16224 | Bailey   | Gained mutation: You occasionally lose the ability to drink
                  | potions when taking damage. [a neqoxec]
 16229 | Bailey   | Killed an orc high priest
 16617 | Bailey   | Identified the +1 great mace of Yvuurphuy {drain, Dex+2}
 16696 | Bailey   | Identified the +3 robe of Dogma {+Inv rCorr Int+2 Archmagi}
 16742 | Bailey   | Found an iron altar of Okawaru.
 16805 | Bailey   | Acquired the ring of Taanogg {Fly Will+ Str+3}
 17007 | D:10     | Reached XP level 12. HP: 103/103 MP: 16/24
 17022 | D:10     | Reached skill level 1 in Transmutations
 17135 | D:10     | Found a hazy altar of Hepliaklqana.
 17607 | D:11     | Noticed Erolcha
 17614 | Abyss:2  | Cast into level 2 of the Abyss (Erolcha)
 17729 | Abyss:3  | Noticed a bone dragon
 17730 | Abyss:3  | Noticed an eidolon
 17735 | D:11     | Escaped the Abyss
 17739 | D:11     | Killed Erolcha
 17751 | D:11     | Offered knowledge of Conjure Ball Lightning by Vehumet.
 17771 | D:11     | HP: 3/104 [something (5)]
 17834 | D:11     | Noticed a two-headed ogre
 17846 | D:11     | HP: 2/104 [two-headed ogre/+0 giant spiked club (8)]
 17848 | D:11     | Slain by a two-headed ogre

Illustrated notes

Levels and vault maps discovered:
D:1:      ncdulo_wetmaze, layout_basic
D:2:      layout_basic, minmay_misc_feat_alley, uniq_natasha, uniq_sigmund
D:3:      layout_rooms, grunt_temple_overflow_lords_of_destruction,
          ebering_ecumenical_altar_petrified, dk_vineyard_1,
          lexackson_kobold_supper
D:4:      layout_basic, kennysheep_mini, mainiacjoe_overflow_six_doors_small,
          grunt_ministairs_9, due_unseen_surprise, uniq_eustachio
D:5:      layout_rooms, minmay_temple_entry_stoned_glass, serial_corexii_hall,
          chequers_hall_statues_y, corexii_hall_statues_u,
          corexii_hall_statues_l, st_stairs_1, corexii_checkpoint_a,
          minmay_divided_ellipse
D:6:      due_chaos_kobolds, layout_layer_cave, tgw_sif,
          mainiacjoe_overflow_boulevard, kennysheep_generic_room_7
D:7:      layout_basic, mainiacjoe_overflow_paths, serial_shops,
          nicolae_shop_crystal, ebering_dispersal_statue_hall, chequers_jeans,
          grunt_decor_resistance
D:8:      kennysheep_seaside_town, layout_basic, marbit_many_paths,
          gammafunk_ghost_abyssal_escape, minmay_quadrilaterals, uniq_joseph
D:9:      layout_basic, lemuel_tele_altar, minmay_lair_entry_grove,
          minivault_16, minmay_pinched_square
D:10:     layout_roguey, old_standard_altar, zombieorc2_lemuel, enter_bailey_4,
          uniq_fannar
D:11:     layout_loops_ring, serial_bayou_lake_a, uniq_gastronok, uniq_erolcha
Lair:1:   layout_cave_pods

Skill      XL: |  1  2  3  4  5  6  7  8  9 10 11 12 |
---------------+-------------------------------------+-----
Dodging        | 2 3 4 5 6 7 9 |  9.3
Conjurations   | 2 5 7 |  7.3
Fighting       | 1 2 3 4 5 7 8 9 |  9.0
Spellcasting   | 3 4 5 6 7 8 |  8.7
Fire Magic     | 4 5 6 7 9 |  9.2
Staves         | 2 3 4 |  4.1
Transmutations | 4 |  4.0
Stealth        | |  1.8

Action                     |  1- 3 |  4- 6 |  7- 9 | 10-12 || total
---------------------------+-------+-------+-------+-------++-------
  Melee: Unarmed           |    23 |       |       |       ||    23
         Tailslap          |     6 |     5 |     2 |    11 ||    24
         Short sword       |       |    42 |       |       ||    42
         Staff             |       |     2 |    22 |    50 ||    74
   Cast: Foxfire           |    57 |   106 |   166 |   167 ||   496
         Scorch            |     9 |    23 |    55 |    67 ||   154
         Flame Wave        |       |       |     9 |    48 ||    57
         Volatile Blastmot |       |       |       |    75 ||    75
         Irradiate         |       |       |       |    16 ||    16
         Momentum Strike   |       |       |       |     4 ||     4
Ability: Breathe Noxious F |       |       |     1 |       ||     1
    Use: Scroll            |       |     8 |     5 |     9 ||    22
         Potion            |       |     3 |     5 |     7 ||    15
   Stab: Sleeping          |       |     1 |       |     1 ||     2
 Armour: Skin              |    17 |    65 |   114 |   223 ||   419
  Dodge: Dodged            |    19 |    43 |   133 |   221 ||   416

Table legend: (Time is in decaauts)
 A = Elapsed time spent in this place.
 B = Non-inter-level travel time spent in this place.
 C = Inter-level travel time spent in this place.
 D = Time resting spent in this place.
 E = Time spent auto-exploring this place.
 F = Levels seen in this place.
 G = Mean time per level.
                   A        B        C        D        E       F      G
               +--------+--------+--------+--------+--------+-----+--------+
         Total |  17892 |  17274 |    618 |   3409 |  10121 |  15 | 1192.8 |
       Dungeon |  16876 |  16258 |    618 |   3233 |   9633 |  11 | 1534.2 |
          Lair |      1 |      1 |      0 |      0 |      0 |   1 |    1.0 |
         Abyss |    121 |    121 |      0 |      0 |     50 |   2 |   60.5 |
        Bailey |    892 |    892 |      0 |    176 |    438 |   1 |  892.0 |
               +--------+--------+--------+--------+--------+-----+--------+

Top non-repeatable levels by time:
     D:8: 2488 daAuts
     D:9: 2344 daAuts
     D:5: 1989 daAuts
     D:6: 1710 daAuts
     D:7: 1707 daAuts
     D:1: 1658 daAuts
     D:2: 1611 daAuts
     D:4: 1444 daAuts
     D:3: 1018 daAuts
  Bailey: 892 daAuts
    D:10: 686 daAuts
    D:11: 215 daAuts
 Abyss:2: 71 daAuts
 Abyss:3: 49 daAuts
  Lair:1: 1 daAuts
